 Dungeon Crawl Stone Soup version 0.31.0-11-ge490571c62 (webtiles) character file.

Game seed: 369292326899037577

8 Gadfly the Ruffian (level 2, 19/21 HPs)
             Began as a Demonspawn Shapeshifter on Jan 27, 2024.
             Quit the game on level 1 of the Dungeon.
             The game lasted 00:00:16 (46 turns).

Gadfly the Ruffian (Demonspawn Shapeshifter)          Turns: 46, Time: 00:00:16

Health: 19/21      AC:  2    Str: 14    XL:     2   Next: 0%
Magic:  2/2        EV: 12    Int: 10    God:
Gold:   0          SH:  0    Dex: 12    Spells: 1/1 levels left

rFire   . .          .
                       - Unarmed
rCold   . . .        (no shield)
rNeg    . . .        a - +0 animal skin
rPois   .            (helmet currently unavailable)
rElec   .            (cloak currently unavailable)
rCorr   .            (gloves currently unavailable)
SInv    .            (boots currently unavailable)
Will    .....        (no amulet)
Stlth   +            (no ring)
HPRegen 0.23/turn    (no ring)
MPRegen 0.16/turn

%: no passive effects
@: beast-form
A: beast (slay +1), magic regeneration
a: Begin Untransformation


You were on level 1 of the Dungeon.
You were a hulking beast.
You visited 1 branch of the dungeon, and saw 1 of its levels.

Inventory:

Armour
 a - a +0 animal skin (worn)
Talismans
 c - a beast talisman
 d - a flux talisman
Scrolls
 f - a scroll of identify {unknown}
Potions
 b - a potion of lignification
 e - a potion of curing {unknown}


   Skills:
 + Level 1.2 Fighting
 * Level 2.0 Dodging
 + Level 2.7 Unarmed Combat
 * Level 0.5 Evocations
 + Level 2.7 Shapeshifting


You had one spell level left.
You didn't know any spells.
Your spell library was empty.

Dungeon Overview and Level Annotations

Branches:
Dungeon (1/15)

Altars:


Innate Abilities, Weirdness & Mutations

You are a hulking beast.
Your limbs bulge with bestial killing power. (Slay +1)
You regenerate magic rapidly.


Message History

The hobgoblin hits you.
You closely miss the hobgoblin.
The hobgoblin is severely wounded.
The hobgoblin barely misses you.
You hit the hobgoblin.
The hobgoblin is severely wounded.
The hobgoblin closely misses you.
You hit the hobgoblin.
You kill the hobgoblin!
No target in view!
No target in view!
No target in view!
f - a scroll labelled TEOSTR YSHRAUHE You open the door.
A ball python comes into view.
A ball python is nearby!
A hobgoblin comes into view.
The hobgoblin shouts!
You hear a loud squeak.
There is an open door here.
You hit the hobgoblin. You punch the hobgoblin.
The hobgoblin is almost dead.
The hobgoblin hits you.
You hit the hobgoblin.
You kill the hobgoblin!
A goblin comes into view. It is wielding a +0 club.
A rat comes into view.
You hit the ball python.
You kill the ball python!
You see here a ball python corpse.
Found a potion of lignification and a war axe.
The goblin barely misses you.
You hit the goblin.
You kill the goblin!
Your Dodging skill increases to level 2!
You hit the rat.
You kill the rat!
You have reached level 2!
Your demonic ancestry asserts itself...
Your magic begins to regenerate rapidly.
Are you sure you want to abandon this character and quit the game? (Confirm with "yes".)

.. #+## ## #.#
.....#. #.#
.....#. #.#
.......###.##
)...........#
............#
......)h†...#
.....#+#+#'##
!.. #.#...# .
#.....########
#####........#
+........#
..####........#
.........###..#
.#####'#####.#


There were no monsters in sight!

Vanquished Creatures
  A ball python (D:1)
  A giant cockroach (D:1)
  A goblin (D:1)
  2 hobgoblins (D:1)
  2 rats (D:1)
7 creatures vanquished.

Notes
Turn   | Place    | Note
-------+----------+-------------------------------------------
     0 | D:1      | Gadfly the Demonspawn Shapeshifter began the quest for the
                  | Orb.
     0 | D:1      | Reached XP level 1. HP: 15/15 MP: 1/1
    46 | D:1      | Gained mutation: You regenerate magic rapidly. [demonic
                  | ancestry]
    46 | D:1      | Reached XP level 2. HP: 19/21 MP: 2/2
    46 | D:1      | Quit the game

Illustrated notes

Levels and vault maps discovered:
D:1:      dpeg_arrival_prison, layout_basic, kennysheep_another_room

Skill      XL: |  1 |
---------------+----+-----
Dodging        | 2 |  2.0
Fighting       | |  1.2
Unarmed Combat | |  2.7
Evocations     | |  0.5
Shapeshifting  | |  2.7

Action                     || total
---------------------------++-------
  Melee: Unarmed           ||    13
         Punch             ||     1
 Armour: Animal skin       ||     4
  Dodge: Dodged            ||     5
